 Dungeon Crawl Stone Soup version 0.23-a0-73-g64c3ba73d4 (webtiles) character file.

482 Ablot the Charmwright (level 7, -1/56 HPs)
             Began as a Gnoll Skald on Aug 9, 2018.
             Slain by Blork the orc
             ... wielding a +0 scimitar
              (6 damage)
             ... on level 4 of the Dungeon.
             The game lasted 00:05:51 (1898 turns).

Ablot the Charmwright (Gnoll Skald)                 Turns: 1898, Time: 00:05:51

Health: -1/56      AC:  7    Str: 14    XL:     7   Next: 12%
Magic:  1/15       EV: 13    Int: 16    God:
Gold:   110        SH:  0    Dex: 15    Spells: 6/17 levels left

rFire    + . .     SeeInvis .   a - +0 spear
rCold    . . .     Gourm    .   (no shield)
rNeg     . . .     Faith    .   j - +2 ring mail {rF+}
rPois    .         Spirit   .   (no helmet)
rElec    .         Reflect  .   (no cloak)
rCorr    .         Harm     .   (no gloves)
MR       .....                  (no boots)
Stlth    +.........             (no amulet)
HPRegen  1.18/turn              (no ring)
MPRegen  0.14/turn              (no ring)

@: lethally poisoned (-1 -> -1), flying, very slightly contaminated,
regenerating
A: distributed training, fangs 1, strong nose
a: no special abilities


You were on level 4 of the Dungeon.
You were not hungry.

You visited 1 branch of the dungeon, and saw 4 of its levels.

You collected 110 gold pieces.

Inventory:

Hand Weapons
 a - a +0 spear (weapon)
 q - a +0 blowgun
Missiles
 b - 49 bolts
 e - 54 stones (quivered)
 f - 33 sling bullets
 g - 4 javelins
 l - 62 arrows
 r - 17 poisoned needles
Armour
 j - a +2 ring mail of fire resistance (worn)
Wands
 k - a wand of flame (35)
Scrolls
 h - 2 scrolls of teleportation {unknown}
 n - 2 scrolls of identify {unknown}
 o - a scroll of fog {unknown}
Potions
 i - a potion of flight
 m - a potion of degeneration {unknown}
 p - a potion of curing {unknown}
 s - a potion of agility {unknown}
Comestibles
 d - 6 rations


   Skills:
 + Level 5.1 Fighting
 + Level 2.2 Short Blades
 + Level 2.2 Long Blades
 + Level 2.2 Axes
 + Level 2.2 Maces & Flails
 + Level 5.1 Polearms
 + Level 2.2 Staves
 + Level 2.2 Slings
 + Level 2.2 Bows
 + Level 2.2 Crossbows
 + Level 2.2 Throwing
 + Level 3.4 Armour
 + Level 5.1 Dodging
 + Level 2.2 Stealth
 + Level 2.2 Shields
 + Level 2.2 Unarmed Combat
 + Level 5.5 Spellcasting
 + Level 1.8 Conjurations
 + Level 1.8 Hexes
 + Level 5.7 Charms
 + Level 1.8 Summonings
 + Level 1.8 Necromancy
 + Level 1.8 Translocations
 + Level 1.8 Transmutations
 + Level 1.8 Fire Magic
 + Level 1.8 Ice Magic
 + Level 1.8 Air Magic
 + Level 1.8 Earth Magic
 + Level 1.8 Poison Magic
 + Level 2.5 Invocations
 + Level 2.2 Evocations


You had 6 spell levels left.
You knew the following spells:

 Your Spells              Type           Power        Failure   Level  Hunger
a - Infusion              Chrm           ###.         2%          1    None
b - Song of Slaying       Chrm           ###.....     4%          2    #......
c - Shroud of Golubria    Chrm/Tloc      ###.......   9%          2    #......
d - Regeneration          Chrm/Necr      ###.......   19%         3    ###....
e - Spectral Weapon       Hex/Chrm       ###.....     19%         3    ###....

Your spell library contained the following spells:

 Spells                   Type           Power        Failure   Level  Hunger


Dungeon Overview and Level Annotations

Branches:
Dungeon (4/15)
 Temple: D:4-7

Altars:
Ashenzari
Elyvilon

Annotations:
D:4 Blork the orc


Innate Abilities, Weirdness & Mutations

Your experience applies equally to all skills.
You have very sharp teeth.
Your uncanny sense of smell can sniff out nearby items.


Message History

You hear some strange, mumbled words.
A magic dart appears from out of thin air!
The magic dart hits you!
You miss something.
You feel sick. Something hits you.
You miss something.
Your shroud bends something's attack away.
You hit something.
You feel sick. Something hits you!
Your shroud falls apart!
You miss something. Something hits you.
* * * LOW HITPOINT WARNING * * *
You hit something.
You feel sick.
You hear some strange, mumbled words.
A puff of flame appears from out of thin air!
The puff of flame misses you.
You miss something. You bite something. Something hits you!
* * * LOW HITPOINT WARNING * * *
It was a potion of flight.
You feel very buoyant.
You fly up into the air.
You feel sick. Something hits you.
You die...

####### #####.....###
............###
..............# #
..............## #######..
...8.........(@###........
..88.........##{.#........
.............###..........
#........<...# ##.........
#...........## #..........
............# #..........
.##.........# #.........?o
#........## #........)..
##.......# #...........


You could see a friendly spectral spear.

Vanquished Creatures
  Grinder (D:3)
  A hound (D:4)
  A bullfrog skeleton (D:3)
  Jessica (D:2)
  Terence (D:2)
  A worker ant (D:4)
  A worker ant zombie (D:4)
  6 adders
  An ooze (D:1)
  3 worms
  3 dart slugs (D:1)
  An orc (D:3)
  4 giant cockroaches
  4 hobgoblins
  6 jackals
  11 kobolds
  A quokka (D:2)
  8 bats
  2 frilled lizards
  10 goblins
  A jackal zombie (D:4)
  9 rats
77 creatures vanquished.

Vanquished Creatures (others)
  A spectral weapon (D:4)
1 creature vanquished.

Grand Total: 78 creatures vanquished

Notes
Turn   | Place    | Note
-------+----------+-------------------------------------------
     0 | D:1      | Ablot the Gnoll Skald began the quest for the Orb.
     0 | D:1      | Reached XP level 1. HP: 20/20 MP: 6/6
    52 | D:1      | Reached XP level 2. HP: 23/26 MP: 7/7
   181 | D:1      | Reached XP level 3. HP: 20/31 MP: 6/9
   185 | D:1      | Learned a level 2 spell: Song of Slaying
   188 | D:1      | Learned a level 2 spell: Shroud of Golubria
   192 | D:1      | Learned a level 3 spell: Regeneration
   196 | D:1      | Learned a level 3 spell: Spectral Weapon
   251 | D:1      | Reached skill level 5 in Spellcasting
   439 | D:1      | Reached skill level 1 in Invocations
   492 | D:2      | Reached skill level 1 in Short Blades
   492 | D:2      | Reached skill level 1 in Long Blades
   492 | D:2      | Reached skill level 1 in Axes
   492 | D:2      | Reached skill level 1 in Maces & Flails
   492 | D:2      | Reached skill level 1 in Staves
   492 | D:2      | Reached skill level 1 in Slings
   492 | D:2      | Reached skill level 1 in Bows
   492 | D:2      | Reached skill level 1 in Crossbows
   492 | D:2      | Reached skill level 1 in Throwing
   492 | D:2      | Reached skill level 1 in Stealth
   492 | D:2      | Reached skill level 1 in Shields
   492 | D:2      | Reached skill level 1 in Unarmed Combat
   492 | D:2      | Reached skill level 1 in Evocations
   499 | D:2      | Noticed Terence
   511 | D:2      | Killed Terence
   511 | D:2      | Reached XP level 4. HP: 27/38 MP: 0/11
   764 | D:2      | Noticed Jessica
   772 | D:2      | Killed Jessica
   772 | D:2      | Reached skill level 1 in Conjurations
   772 | D:2      | Reached skill level 1 in Hexes
   772 | D:2      | Reached skill level 1 in Summonings
   772 | D:2      | Reached skill level 1 in Necromancy
   772 | D:2      | Reached skill level 1 in Translocations
   772 | D:2      | Reached skill level 1 in Transmutations
   772 | D:2      | Reached skill level 1 in Fire Magic
   772 | D:2      | Reached skill level 1 in Ice Magic
   772 | D:2      | Reached skill level 1 in Air Magic
   772 | D:2      | Reached skill level 1 in Earth Magic
   772 | D:2      | Reached skill level 1 in Poison Magic
   883 | D:2      | Reached XP level 5. HP: 43/43 MP: 12/12
   895 | D:2      | Found a shattered altar of Ashenzari.
  1127 | D:2      | Found a white marble altar of Elyvilon.
  1638 | D:3      | Noticed Grinder
  1649 | D:3      | Paralysed by Grinder for 7 turns
  1665 | D:3      | Paralysed by Grinder for 5 turns
  1675 | D:3      | Killed Grinder
  1675 | D:3      | Reached skill level 5 in Fighting
  1675 | D:3      | Reached skill level 5 in Polearms
  1675 | D:3      | Reached skill level 5 in Dodging
  1675 | D:3      | Reached XP level 6. HP: 31/51 MP: 2/14
  1868 | D:4      | Noticed Blork the orc
  1878 | D:4      | Reached XP level 7. HP: 46/56 MP: 9/15
  1898 | D:4      | Slain by Blork the orc

Vault maps used:
D:1:      minmay_arrival_doors
D:2:      lemuel_doored_altar, marbit_many_paths, first_ration, uniq_jessica,
          uniq_terence
D:3:      uniq_grinder
D:4:      serial_undead, serial_undead_f, serial_undead_a, serial_undead_c,
          serial_undead_c, uniq_eustachio, uniq_blork_the_orc

Skill      XL: |  1  2  3  4  5 |
---------------+----------------+-----
Spellcasting   | 5 |  5.5
Invocations    | 1 2 |  2.5
Short Blades   | 1 2 |  2.2
Long Blades    | 1 2 |  2.2
Axes           | 1 2 |  2.2
Maces & Flails | 1 2 |  2.2
Staves         | 1 2 |  2.2
Slings         | 1 2 |  2.2
Bows           | 1 2 |  2.2
Crossbows      | 1 2 |  2.2
Throwing       | 1 2 |  2.2
Stealth        | 1 2 |  2.2
Shields        | 1 2 |  2.2
Unarmed Combat | 1 2 |  2.2
Evocations     | 1 2 |  2.2
Conjurations   | 1 |  1.8
Hexes          | 1 |  1.8
Summonings     | 1 |  1.8
Necromancy     | 1 |  1.8
Translocations | 1 |  1.8
Transmutations | 1 |  1.8
Fire Magic     | 1 |  1.8
Ice Magic      | 1 |  1.8
Air Magic      | 1 |  1.8
Earth Magic    | 1 |  1.8
Poison Magic   | 1 |  1.8
Armour         | 3 |  3.4
Fighting       | 5 |  5.1
Polearms       | 5 |  5.1
Dodging        | 5 |  5.1
Charms         | |  5.7

Action                   |  1- 3 |  4- 6 |  7- 9 || total
-------------------------+-------+-------+-------++-------
Melee: Spear             |   117 |   204 |    14 ||   335
       Bite              |     7 |    20 |     2 ||    29
       Punch             |       |     5 |       ||     5
 Cast: Infusion          |     2 |       |       ||     2
       Regeneration      |     2 |     5 |     1 ||     8
       Spectral Weapon   |     1 |     3 |     1 ||     5
       Shroud of Golubri |       |     4 |     1 ||     5
       Song of Slaying   |       |     1 |       ||     1
  Use: Potion            |       |       |     1 ||     1
 Stab: Sleeping          |     3 |       |       ||     3
  Eat: Chunk             |       |     5 |       ||     5
Armor: Leather armour    |    15 |       |       ||    15
       Ring mail         |       |    85 |     1 ||    86
Dodge: Dodged            |    65 |   161 |     6 ||   232

Table legend:
 A = Non-vault XP
 B = Vault XP
 C = Vault XP percentage of total XP
 D = Non-vault monster count
 E = Vault monster count
 F = Vault count percentage of total count
 G = Total turns spent on level
                 A         B        C        D         E       F
            +---------+---------+-------+---------+---------+-------
      Total |     304 |     385 |  55.9 |      71 |       6 |   7.8
            +---------+---------+-------+---------+---------+-------
        D:1 |      62 |       0 |   0.0 |      33 |       0 |   0.0
        D:2 |      64 |      86 |  57.3 |      13 |       3 |  18.8
        D:3 |      99 |     281 |  73.9 |      22 |       1 |   4.3
        D:4 |      79 |      18 |  18.6 |       3 |       2 |  40.0
            +---------+---------+-------+---------+---------+-------
